 Dungeon Crawl Stone Soup version 0.01-2199-g510b736d67 (webtiles) character file.

Game seed: 11028123201232426321, levelgen mode: deterministic

4 protoss039 the Adept (level 1, -1/10 HPs) Deep Elf Priest. Began on July 25, 2020. Was a Believer of Sif Muna. Slain by a hobgoblin ... wielding a +0 club (4 damage) ... on level 1 of the Dungeon. The game lasted 00:01:42 (125 turns).

protoss039 the Adept (Deep Elf Priest)               Turns: 125, Time: 00:01:43

Health: -1/10      AC:  2    Str:  7    XL:     1 ^: 6
Magic:  5/5        EV: 12    Int: 20    God:    Sif Muna [2* [50]]
Gold:   0          SH:  0    Dex: 12    Spells: 0/0 levels left

rFire    . . .     Vision   .   d - +0 club
rCold    . . .     Gourm    .     - Unarmed
rNeg     . . .     Faith    .   a - +0 robe
rPois    .         Spirit   .   (no helmet)
rElec    .         Reflect  .   (no cloak)
rCorr    .         Harm     .   (no gloves)
MR       .....                  (no boots)
Stlth    ++........             (no amulet)
HPRegen  0.13/turn              (no ring)
MPRegen  0.15/turn              (no ring)

@: no status effects
A: no striking features
a: Divine Energy, Renounce Religion


You were on level 1 of the Dungeon.
You worshipped Sif Muna.
Sif Muna was pleased with you.
You were not hungry.

You visited 1 branch of the dungeon, and saw 1 of its levels.
You also visited: Temple.

Inventory:

Weapons
 d - a +0 club (weapon)
Armour
 a - a +0 robe (worn)
Comestibles
 b - a ration
 c - 6 chunks of flesh


   Skills:
 + Level 2.4 Dodging
 + Level 2.4 Stealth
 * Level 2.6 Unarmed Combat
 - Level 4.0 Invocations


You couldn't memorise any spells.
You didn't know any spells.
Your spell library was empty.

Dungeon Overview and Level Annotations

Branches:
Dungeon (1/8)

Altars:


Message History

The hobgoblin is lightly wounded. (5/6) HP The hobgoblin hits you with a +0 club (1).
You hit the hobgoblin (1).
The hobgoblin is moderately wounded. (4/6) HP You hit the hobgoblin but do no damage.
The hobgoblin is moderately wounded. (4/6) HP The hobgoblin closely misses you (0).
You hit the hobgoblin but do no damage.
The hobgoblin is moderately wounded. (4/6) HP You hit the hobgoblin (1).
The hobgoblin is heavily wounded. (3/6) HP The hobgoblin hits you with a +0 club (6).
Ouch! That really hurt!
* * * LOW HITPOINT WARNING * * *
Unknown command.
You barely miss the hobgoblin. You hit the hobgoblin but do no damage.
The hobgoblin is heavily wounded. (3/6) HP The hobgoblin barely misses you (0).
The hobgoblin hits you with a +0 club (4).
You die...

#.#.#.........
#.#.#.........
#.#.#......... .
##.#.#......... #..
#..#.#...g.....
#...#..#.#.........
...>.....#b########
.........#g# ......≈..#@#
..........≈≈..÷..#
≈......§≈§≈≈.....#
≈≈≈...≈≈≈§§....#.#
§≈§§.≈≈≈≈§§....#.#
≈≈≈§≈≈≈≈§§§....#.########
≈≈.....≈§§§....#.........
≈....§§.≈§.§......######
≈...<...§§§§........#


You could see a hobgoblin and a bat.

Vanquished Creatures
  A giant cockroach (D:1)
  A hobgoblin (D:1)
  2 rats (D:1)
4 creatures vanquished.

Notes
Turn   | Place    | Note
-------+----------+-------------------------------------------
     0 | Start Te | protoss039 the Deep Elf Priest began the quest for the Orb.
     0 | Start Te | Reached XP level 1. HP: 10/10 MP: 5/5
     0 | Start Te | Found a sparkling altar of Nemelex Xobeh.
     1 | Start Te | Became a worshipper of Sif Muna the Loreminder
     1 | Start Te | Reached * piety under Sif Muna
     1 | Start Te | Reached ** piety under Sif Muna
     2 | Start Te | Found a basalt altar of Yredelemnul.
     2 | Start Te | Found a white marble altar of Elyvilon.
     3 | Start Te | Found an iron altar of Okawaru.
     4 | Start Te | Found a glowing silver altar of Zin.
     4 | Start Te | Found a blossoming altar of Fedhas.
     5 | Start Te | Found a stormy altar of Qazlal.
     6 | Start Te | Found a glowing golden altar of the Shining One.
     6 | Start Te | Found an opulent altar of Gozag.
     7 | Start Te | Found a sacrificial altar of Ru.
     8 | Start Te | Found a faded altar of an unknown god.
     8 | Start Te | Found a hazy altar of Hepliaklqana.
   125 | D:1      | Slain by a hobgoblin

Levels and vault maps discovered:
D:1:      onia_arrival_pentagram, layout_basic, first_ration

Action                   || total
-------------------------++-------
Melee: Unarmed           ||    35
       Club              ||     6
Armor: Robe              ||     3
Dodge: Dodged            ||    12
